AoeStats
← Rms

Black Forest

507857815Analyzed
4v4 RM · 12d ago on Sep 20, 2026· 56m 3s· 8 players
Game mode
Random Map
Map size
Large (8 player)
Population
200
Speed
Normal
Resources
Standard
Victory
Conquest
Starting age
Dark Age
Ending age
Imperial Age
RankedLock teamsTeams togetherTeam positionsShared explorationLock speedFull tech treeHidden civsTurbo modeCheats
Victory
Defeat
🇨🇱 Italians · Chile
1114
+13
🇧🇷 Persians · Brazil
1027
+16
🇨🇱 Khmer · Chile
1003
+17
🇧🇷 Koreans · Brazil
990
+17
🇬🇧 Goths · United Kingdom
1056
-17
🇲🇽 Dravidians · Mexico
1054
-17
🇺🇸 Burgundians · United States
1038
-16
🇨🇦 Khmer · Canada
970
-13
JTF2Deathadder
11:50 Feudal Age
15:17 Castle Age
20:50 Imperial Age
19:53 Double-Bit Axe
22:27 Bow Saw
22:12 Capped Ram
27:27 Siege Ram
35:58 Stone Mining
36:00 Gold Mining
36:57 Wheelbarrow
36:08 Loom
38:54 Heavy Scorpion
41:19 Hand Cart
50:35 Conscription
50:17 Double Crossbow
50:55 Hoardings
52:09 Murder Holes
52:05 Heated Shot
52:36 Ballistics
W◯lf 103 {WYR}
0:33 Loom
14:55 Feudal Age
15:34 Double-Bit Axe
21:57 Castle Age
19:26 Man-at-Arms
20:01 Fletching
20:24 Forging
20:15 Scale Mail Armor
22:42 Squires
22:51 Long Swordsman
28:08 Pikeman
35:05 Wheelbarrow
36:37 Gold Mining
37:07 Bow Saw
36:40 Horse Collar
37:56 Fletching
38:43 Iron Casting
38:23 Chain Mail Armor
42:01 Hand Cart
41:32 Town Watch
47:19 Murder Holes
47:47 Ballistics
47:26 Bodkin Arrow
47:41 Heavy Plow
50:50 Imperial Age
51:28 Halberdier
BearKing89
0:33 Loom
19:07 Feudal Age
28:04 Castle Age
25:49 Man-at-Arms
34:22 Gold Mining
41:30 Wheelbarrow
41:14 Fletching
41:24 Padded Archer Armor
42:33 Horse Collar
43:14 Bodkin Arrow
43:35 Leather Archer Armor
44:45 Medical Corps
47:11 Ballistics
Astorre Aprile
2:28 Loom
11:04 Feudal Age
10:25 Double-Bit Axe
11:22 Horse Collar
12:15 Bow Saw
13:12 Town Watch
19:01 Fletching
19:23 Forging
22:32 Padded Archer Armor
26:00 Castle Age
24:58 Scale Barding Armor
26:48 Husbandry
26:08 Light Cavalry
26:10 Cavalier
27:14 Pikeman
27:55 Squires
29:38 Heavy Plow
30:39 Two-Man Saw
29:44 Elite Skirmisher
34:26 Scale Mail Armor
35:17 Coinage
35:21 Bodkin Arrow
35:42 Chain Mail Armor
36:25 Gold Mining
36:28 Stone Mining
39:17 Crop Rotation
41:27 Imperial Age
45:38 Town Patrol
46:13 Bracer
47:09 Stone Shaft Mining
47:11 Gold Shaft Mining
47:46 Wheelbarrow
48:36 Halberdier
50:20 Conscription
50:28 Treadmill Crane
51:09 Ballistics
51:00 Fortified Wall
Zee
0:33 Loom
11:31 Feudal Age
16:31 Castle Age
14:44 Double-Bit Axe
14:50 Horse Collar
17:39 Wheelbarrow
17:20 Bow Saw
18:48 Gold Mining
20:19 Scale Barding Armor
22:20 Heavy Plow
22:40 Bloodlines
23:28 Husbandry
26:14 Gold Shaft Mining
26:32 Forging
26:42 Chain Barding Armor
29:50 Stone Mining
32:54 Imperial Age
30:43 Hand Cart
31:09 Stone Shaft Mining
31:12 Town Watch
32:40 Cavalier
34:01 Iron Casting
34:04 Plate Barding Armor
34:37 Crop Rotation
35:49 Two-Man Saw
36:23 Savar
36:27 Light Cavalry
38:13 Blast Furnace
38:42 Caravan
38:10 Hussar
38:47 Fletching
45:34 Conscription
47:13 Chemistry
46:25 Masonry
49:44 Bodkin Arrow
51:12 Architecture
51:11 Ballistics
50:57 Padded Archer Armor
CL.RIDERQUELEDICEN
0:36 Loom
11:08 Feudal Age
12:32 Double-Bit Axe
19:05 Bloodlines
19:05 Gold Mining
23:14 Castle Age
21:02 Horse Collar
22:45 Forging
25:35 Husbandry
24:56 Light Cavalry
30:33 Bow Saw
30:57 Heavy Plow
45:41 Imperial Age
44:17 Ballistics
47:53 Chemistry
48:22 Murder Holes
48:40 Scale Barding Armor
Rms
1:15 Loom
15:40 Feudal Age
15:45 Man-at-Arms
19:43 Forging
28:56 Castle Age
28:20 Double-Bit Axe
28:30 Stone Mining
30:26 Pikeman
34:13 Wheelbarrow
37:57 Fletching
38:48 Iron Casting
41:01 Gold Mining
41:18 Caravan
41:25 Squires
41:11 Arson
43:24 Bodkin Arrow
44:52 Murder Holes
45:18 Ballistics
48:34 Imperial Age
50:19 Chemistry
49:49 Halberdier
51:33 Conscription
52:43 Hand Cart
52:13 Town Watch
53:48 Elite War Wagon
54:57 Bow Saw
55:55 Heavy Rocket Cart
CL.Capitán Haddock
0:39 Loom
16:03 Feudal Age
16:54 Double-Bit Axe
23:33 Castle Age
21:56 Stone Mining
22:18 Fletching
26:19 Bow Saw
42:05 Imperial Age
42:12 Imperial Age
53:35 Caravan
55:41 Wheelbarrow
Connection lost

Rejoining the realm…

Still unreachable

The connection could not be restored.

Session expired

The server has moved on; the page needs a fresh start.